 Dungeon Crawl Stone Soup version 0.16-a0-38-g23a437e (webtiles) character file.

5664 Charly the Martial Artist (level 10, -2/70 HPs)
             Began as a Demonspawn Monk on Aug 4, 2014.
             Was a Priest of Cheibriados.
             Killed from afar by a red draconian (4 damage)
             ... with a searing blast
             ... in a volcano.
             The game lasted 01:03:46 (4037 turns).

Charly the Martial Artist (Demonspawn Monk)         Turns: 4037, Time: 01:03:46

HP  -2/70        AC 11     Str 22      XL: 10   Next: 47%
MP   0/21        EV 17     Int 19      God: Cheibriados [***...]
Gold 468         SH  0     Dex 23      Spells:  3 memorised,  1 level left

rFire  + + .     SeeInvis .       - Unarmed
rCold  + . .     Clarity  +     z - +0 leather armour {rF+}
rNeg   . . .     rCorr    .     (no shield)
rPois  +         rRot     .     (no helmet)
rElec  +         Spirit   +     (no cloak)
SustAb .         Warding  .     G - +0 pair of gloves
rMut   .         Stasis   .     (no boots)
Gourm  .                        E - amulet of clarity
MR     .....                    B - ring of wizardry
                                g - +3 ring of dexterity

@: resistant, very slow, not resistant to hostile enchantments, unstealthy
A: hooves 1, rough black scales 2, magic shield, magic regeneration
a: Bend Time, Temporal Distortion, Renounce Religion


You were in a volcano.
You worshipped Cheibriados.
Cheibriados was most pleased with you.
You were hungry.

You visited 3 branches of the dungeon, and saw 14 of its levels.
You also visited: Volcano.

You collected 468 gold pieces.

Inventory:

Hand weapons
 a - a +0 blowgun
 n - a +0 war axe
Missiles
 o - 28 poisoned needles
 q - 11 arrows
 u - 2 javelins (quivered)
Armour
 p - a +1 scale mail of fire resistance
 z - a +0 leather armour of fire resistance (worn)
 G - a +0 pair of gloves (worn)
 N - a +4 scale mail of fire resistance
 P - a +2 ring mail of fire resistance
Magical devices
 e - a wand of polymorph (11)
 H - a wand of disintegration (12)
 L - a wand of paralysis (8)
Comestibles
 b - 6 bread rations
 v - 28 fruits
 F - 3 chunks of two-headed ogre flesh
 M - a meat ration
Scrolls
 c - a scroll of amnesia {unknown}
 d - 3 scrolls of magic mapping
 k - a scroll of fog
 t - a scroll of immolation
 x - a scroll of blinking {unknown}
 A - 3 scrolls of remove curse
 D - 2 scrolls of recharging {unknown}
 I - a scroll of enchant armour {unknown}
Jewellery
 g - a +3 ring of dexterity (left hand)
 y - an uncursed ring of teleportation
 B - a ring of wizardry (right hand)
 C - an uncursed amulet of rage {unknown}
 E - an amulet of clarity (around neck)
Potions
 f - a potion of resistance
 h - a potion of porridge
 j - a potion of flight
 m - 3 potions of restore abilities
 r - a potion of brilliance
 w - a potion of invisibility {unknown}
 J - a potion of haste {unknown}
 K - a potion of mutation {unknown}
 O - a potion of berserk rage {unknown}
Books
 l - a book of Changes

   Spells                             Type                      Level
   *Beastly Appendage                 Transmutation                1
   *Sticks to Snakes                  Transmutation                2
   Spider Form                        Transmutation/Poison         3
   Ice Form                           Ice/Transmutation            4
   *Blade Hands                       Transmutation                5
Magical staves
 s - an uncursed staff of death


   Skills:
 - Level 3.0 Fighting
 + Level 5.8 Dodging
 - Level 1.7 Stealth
 + Level 11.9 Unarmed Combat
 * Level 3.8 Transmutations
 - Level 8.0 Invocations


You had one spell level left.
You knew the following spells:

 Your Spells              Type           Power        Failure   Level  Hunger
b - Beastly Appendage     Trmt           ##....       2%          1    ##.....
h - Blade Hands           Trmt           ##........   71%         5    ######.
s - Sticks to Snakes      Trmt           ##........   4%          2    ###....


Dungeon Overview and Level Annotations

Branches:
Dungeon (10/15)            Temple (1/1) D:4             Orc (0/4) D:10
   Lair (3/8) D:9
  Swamp: Lair:3-6    Shoals: Lair:3-6     Snake: Lair:3-6    Spider: Lair:3-6

Altars:
Cheibriados
Dithmenos
Fedhas
Kikubaaqudgha
Makhleb
Okawaru
Qazlal
Trog
Vehumet
Xom
Zin
The Shining One

Shops:
D:5 [   D:10 [

Annotations:
D:4 Xiguana's ghost, average VSMo
D:8 Maurice


Innate Abilities, Weirdness & Mutations

You have large cloven feet.
You are mostly covered in rough black scales (AC +7, Dex -2).
When hurt, damage is shared between your health and your magic reserves.
You regenerate magic rapidly.


Message History

The red draconian is heavily wounded.
The red draconian hits you with a scimitar of flaming!
* * * LOW HITPOINT WARNING * * *
The red draconian burns you.
* * * LOW HITPOINT WARNING * * *
You punch the red draconian!
You kick the red draconian, but do no damage.
The red draconian is heavily wounded.
You hit the red draconian but do no damage.
You kick the red draconian.
The red draconian is heavily wounded.
The red draconian completely misses you.
You punch the red draconian! Your kick misses the red draconian.
The red draconian is severely wounded.
You punch the red draconian! You kick the red draconian.
You punch the red draconian.
The red draconian is severely wounded.
The red draconian breathes flames at you.
The searing blast hits you! You resist.
You die...

...§§........###..##.....##
§§≈§≈≈≈§.......#####∩.)..##
≈§§≈§§≈≈§§...### #§≈..≈§#
≈≈≈§§§≈§≈≈≈....# ##§≈≈§≈#
≈≈§§≈§§≈§.§..## ##§§≈##
≈≈§§§§≈≈≈.§..# ##§§#
§§≈≈≈≈§§.§§## #§##
≈§≈§≈.§§§### ###
......§§#@## ##
.###..§##d##§≈##
#######(≈§§§# #)≈§≈§#
)%!≈§§≈# ##).≈§§≈# $$∩≈§≈≈#
§.≈≈≈≈## §≈≈≈≈≈#


You could see a red draconian.

Vanquished Creatures
  The ghost of Armakuni the Basher, a powerful HuWn of Okawaru (Lair:1)
  Joseph (D:10)
  A troll (D:9)
  A fire drake (D:9)
  2 two-headed ogres (Volcano)
  3 blink frogs (Lair:2)
  5 yaks (Lair:1)
  A steam dragon (D:9)
  A hippogriff (Lair:3)
  A porcupine (Lair:1)
  2 water moccasins
  An ice beast (D:6)
  5 orc warriors
  2 centaurs
  A crocodile (Lair:2)
  An ogre (D:9)
  2 giant frogs (D:8)
  2 scorpions
  A hippogriff skeleton (D:8)
  A crimson imp (D:8)
  A goliath beetle (D:8)
  6 hounds
  2 orc wizards
  6 iguanas
  An orc priest (D:9)
  A giant frog skeleton (D:9)
  A jelly (D:5)
  A two-headed ogre skeleton (D:9)
  5 worker ants
  A crocodile zombie (D:9)
  6 adders
  5 shadow imps
  A steam dragon skeleton (D:7)
  A worm (D:5)
  An inept feature mimic (D:2)
  An adder skeleton (D:9)
  A giant gecko (D:4)
  24 orcs
  A ball python (D:5)
  3 giant cockroaches
  3 goblins
  3 hobgoblins
  7 jackals
  8 bats
  A hobgoblin zombie (D:7)
  5 kobolds
  An orc skeleton (D:10)
  3 quokkas
  7 rats
  2 ballistomycetes (D:7)
144 creatures vanquished.

Vanquished Creatures (others)
  A giant spore (D:7)
1 creature vanquished.

Grand Total: 145 creatures vanquished

Notes
Turn   | Place    | Note
--------------------------------------------------------------
     0 | D:1      | Charly, the Demonspawn Monk, began the quest for the Orb.
     0 | D:1      | Reached XP level 1. HP: 18/18 MP: 1/1
   168 | D:2      | Reached skill level 4 in Unarmed Combat
   168 | D:2      | Gained mutation: You are partially covered in rough black scales (AC +4, Dex -1). [demonic ancestry]
   168 | D:2      | Reached XP level 2. HP: 18/24 MP: 2/2
   398 | D:4      | Gained mutation: You are mostly covered in rough black scales (AC +7, Dex -2). [demonic ancestry]
   398 | D:4      | Reached XP level 3. HP: 16/29 MP: 3/3
   402 | D:4      | Noticed Xiguana's ghost (average VSMo)
   641 | D:4      | Found a staircase to the Ecumenical Temple.
   658 | D:4      | Reached skill level 5 in Unarmed Combat
   658 | D:4      | Reached XP level 4. HP: 19/35 MP: 4/4
   711 | D:4      | Reached XP level 5. HP: 25/41 MP: 5/5
   747 | Temple   | Entered the Ecumenical Temple
   764 | Temple   | Became a worshipper of Cheibriados the Contemplative
   800 | D:5      | Entered Level 5 of the Dungeon
   828 | D:5      | Reached skill level 6 in Unarmed Combat
   837 | D:5      | Found Khalenut's Antique Armour Emporium.
   970 | D:5      | Gained mutation: When hurt, damage is shared between your health and your magic reserves. [demonic ancestry]
   970 | D:5      | Reached XP level 6. HP: 40/47 MP: 6/6
  1075 | D:5      | Noticed a moth of wrath
  1077 | D:5      | Found a bloodstained altar of Trog.
  1158 | D:5      | Reached skill level 1 in Invocations
  1181 | D:6      | Found a radiant altar of Vehumet.
  1243 | D:6      | Reached skill level 7 in Unarmed Combat
  1290 | D:6      | Found a glowing silver altar of Zin.
  1291 | D:6      | Found a blossoming altar of Fedhas.
  1333 | D:7      | Noticed a hill giant zombie
  1528 | D:8      | Noticed a wyvern
  1659 | D:8      | Acquired Cheibriados' first power
  1659 | D:8      | Reached XP level 7. HP: 52/52 MP: 9/9
  1716 | D:8      | Noticed Maurice
  1919 | D:8      | Reached skill level 8 in Unarmed Combat
  2355 | D:8      | Found a radiant altar of Vehumet.
  2452 | D:8      | Gained mutation: You regenerate magic rapidly. [demonic ancestry]
  2452 | D:8      | Reached XP level 8. HP: 25/58 MP: 7/14
  2495 | D:9      | Reached skill level 9 in Unarmed Combat
  2529 | D:9      | Found a staircase to the Lair.
  2530 | D:9      | Noticed a fire drake
  2548 | D:9      | Reached skill level 5 in Invocations
  2630 | D:9      | Noticed a troll
  2643 | D:9      | Killed a troll
  2881 | D:9      | Killed a fire drake
  2881 | D:9      | Reached skill level 10 in Unarmed Combat
  2881 | D:9      | Gained mutation: You have large cloven feet. [demonic ancestry]
  2881 | D:9      | Reached XP level 9. HP: 49/63 MP: 13/20
  2939 | D:10     | Entered Level 10 of the Dungeon
  2939 | D:10     | Noticed Joseph
  3194 | D:10     | Killed Joseph
  3233 | D:10     | Found Ranloretz's Armour Boutique.
  3237 | D:10     | Found a staircase to the Orcish Mines.
  3258 | D:10     | Acquired Cheibriados' second power
  3315 | D:10     | Learned a level 5 spell: Blade Hands
  3370 | Lair:1   | Entered Level 1 of the Lair of Beasts
  3429 | Lair:1   | Noticed Armakuni's ghost (powerful HuWn)
  3442 | Lair:1   | Reached skill level 1 in Transmutations
  3501 | Lair:1   | Reached skill level 11 in Unarmed Combat
  3571 | Lair:1   | Killed Armakuni's ghost
  3571 | Lair:1   | Reached XP level 10. HP: 57/70 MP: 13/21
  3591 | Lair:1   | Learned a level 2 spell: Sticks to Snakes
  3624 | Lair:2   | Reached skill level 5 in Dodging
  3812 | Lair:2   | Noticed a four-headed hydra
  3816 | Lair:2   | Learned a level 1 spell: Beastly Appendage
  3855 | Lair:3   | Noticed a six-headed hydra
  3925 | Lair:3   | Found a dark tunnel.
  3931 | Volcano  | Entered a volcano
  4008 | Volcano  | Noticed a red draconian
  4031 | Volcano  | HP: 3/70 [red draconian/searing blast (10)]
  4033 | Volcano  | HP: 1/70 [red draconian/scimitar of flaming (1)]
  4037 | Volcano  | Killed from afar by a red draconian

Action                   |  1- 3 |  4- 6 |  7- 9 | 10-12 || total
-------------------------+-------+-------+-------+-------++-------
Melee: Unarmed           |    75 |   130 |   263 |    58 ||   526
 Fire: Blowgun           |    11 |    20 |    38 |     6 ||    75
Throw: Javelin           |       |     5 |     4 |       ||     9
Invok: Bend Time         |       |       |    13 |     5 ||    18
       Temporal Distorti |       |       |     2 |     1 ||     3
       Slouch            |       |       |     1 |       ||     1
 Abil: Evoke Teleportati |       |       |     1 |       ||     1
Evoke: Wand              |       |     1 |     5 |     2 ||     8
  Use: Scroll            |     3 |     8 |     6 |     2 ||    19
       Potion            |       |     1 |     2 |     3 ||     6
 Stab: Sleeping          |     2 |     7 |     9 |     2 ||    20
       Distracted        |       |       |     3 |       ||     3
       Paralysed         |       |       |       |     1 ||     1
  Eat: Chunk             |       |     1 |     5 |     2 ||     8
       Beef jerky        |       |       |     1 |       ||     1
